AoeStats
← LaBrioche41

Arabia

510433400Analyzed
1v1 RM · 2d ago on Oct 1, 2026· 60m 50s· 2 players
Game mode
Random Map
Map size
Tiny (2 player)
Population
200
Speed
Normal
Resources
Standard
Victory
Conquest
Starting age
Dark Age
Ending age
Imperial Age
RankedLock teamsTeams togetherTeam positionsShared explorationLock speedFull tech treeHidden civsTurbo modeCheats
Victory
Defeat
🇦🇺 Romans · Australia
329
+13
🇲🇽 Bengalis · Mexico
263
-13
PIJAGORDA
10:19 Loom
12:54 Feudal Age
20:12 Castle Age
20:56 Double-Bit Axe
20:54 Horse Collar
21:08 Gold Mining
23:34 Wheelbarrow
29:41 Hand Cart
29:15 Light Cavalry
30:06 Bloodlines
30:18 Heavy Plow
32:28 Bow Saw
34:00 Scale Mail Armor
34:11 Forging
33:54 Fletching
34:07 Padded Archer Armor
34:28 Scale Barding Armor
35:59 Gold Shaft Mining
37:47 Town Watch
39:07 Chain Barding Armor
39:04 Leather Archer Armor
38:48 Bodkin Arrow
40:41 Paiks
44:58 Imperial Age
46:36 Siege Elephant
48:05 Leather Archer Armor
48:26 Plate Barding Armor
48:02 Forging
47:59 Bracer
50:26 Man-at-Arms
51:59 Long Swordsman
52:55 Forging
53:17 Ring Archer Armor
53:07 Two-Handed Swordsman
53:28 Elite Battle Elephant
54:20 Husbandry
58:01 Redemption
59:49 Scale Mail Armor
59:12 Champion
61:08 Chain Mail Armor
61:43 Iron Casting
LaBrioche41
3:20 Loom
13:42 Feudal Age
14:08 Double-Bit Axe
14:07 Horse Collar
14:21 Stone Mining
14:26 Gold Mining
23:38 Wheelbarrow
26:08 Castle Age
25:20 Scale Mail Armor
25:30 Forging
27:09 Bow Saw
27:02 Heavy Plow
27:43 Gold Shaft Mining
27:28 Chain Mail Armor
27:48 Iron Casting
27:10 Fletching
27:21 Padded Archer Armor
30:27 Fervor
32:02 Fortified Wall
35:09 Imperial Age
33:17 Bodkin Arrow
35:12 Hand Cart
36:48 Crop Rotation
36:32 Town Watch
37:48 Leather Archer Armor
38:14 Town Patrol
43:06 Ballistics
43:46 Chemistry
42:53 Siege Engineers
42:45 Murder Holes
43:03 Masonry
44:09 Pikeman
44:49 Squires
45:54 Blast Furnace
45:25 Ring Archer Armor
45:06 Halberdier
47:43 Elite Skirmisher
49:11 Ballistas
49:41 Comitatenses
50:43 Heavy Scorpion
53:25 Guilds
Connection lost

Rejoining the realm…

Still unreachable

The connection could not be restored.

Session expired

The server has moved on; the page needs a fresh start.